 Dungeon Crawl Stone Soup version 0.28.0-43-g3370ac3207 (webtiles) character file.

Game seed: 8737483979766731752

3124 sizableburger the Fighter (level 9, -3/76 HPs)
             Began as a Mummy Fighter on Mar 11, 2022.
             Killed from afar by a centaur (16 damage)
             ... with a bolt of acid
             ... on level 8 of the Dungeon.
             The game lasted 00:12:57 (9895 turns).

sizableburger the Fighter (Mummy Fighter)           Turns: 9895, Time: 00:12:57

Health: -3/76      AC: 10    Str: 23    XL:     9   Next: 60%
Magic:  9/9        EV:  6    Int:  8    God:
Gold:   134        SH:  4    Dex: 11    Spells: 8/8 levels left

rFire   . . .      SeeInvis .   e - +3 war axe (flame)
rCold   + . .      Faith    .   c - +0 buckler
rNeg    + + +      Spirit   .   s - +0 plate armour
rPois   ∞          Reflect  .   d - +2 helmet
rElec   .          Harm     .   (no cloak)
rCorr   .          Rampage  .   o - +1 pair of gloves {rF+}
Will    +....                   b - +0 pair of boots
Stlth   ..........              (no amulet)
HPRegen 0.22/turn               (no ring)
MPRegen 0.11/turn               (no ring)

@: corroded
A: cold resistance 1, negative energy resistance 3, torment resistance 2, heat
vulnerability 1, no potions
a: no special abilities


You were on level 8 of the Dungeon.
You visited 2 branches of the dungeon, and saw 9 of its levels.

You collected 364 gold pieces.
You spent 230 gold pieces at shops.

Inventory:

Hand Weapons
 a - a +0 war axe of venom
 e - a +3 war axe of flaming (weapon)
Armour
 b - a +0 pair of boots (worn)
 c - a +0 buckler (worn)
 d - a +2 helmet (worn)
 o - a +1 pair of gloves of fire resistance (worn)
 s - a +0 plate armour (worn)
Jewellery
 k - a ring of resist corrosion
 m - a ring of ice
 n - a +6 ring of intelligence
 r - a ring of fire
Wands
 f - a wand of digging (3)
 i - a wand of paralysis (5)
 p - a wand of iceblast (6)
Scrolls
 g - a scroll of immolation
 h - 3 scrolls of amnesia
 l - 3 scrolls of teleportation
 q - a scroll of fog


   Skills:
 - Level 9.0 Fighting
 + Level 8.2 Axes
 + Level 4.4 Armour
 - Level 2.4 Shields


You had 8 spell levels left.
You didn't know any spells.
Your spell library contained the following spells:

 Spells                   Type           Power      Damage    Failure   Level
 Gell's Gravitas          Tloc           0%         N/A       100%        3
 Teleport Other           Tloc           0%         N/A       100%        3
 Animate Dead             Necr           0%         N/A       100%        4
 Borgnjor's Vile Clutch   Necr/Erth      0%         N/A       100%        5
 Death Channel            Necr           0%         N/A       100%        6
 Dispersal                Tloc           0%         N/A       100%        6


Dungeon Overview and Level Annotations

Branches:
Dungeon (8/15)             Temple (1/1) D:4
   Lair: D:8-11

Altars:
Ashenzari
Dithmenos
Elyvilon
Fedhas
Hepliaklqana
Makhleb
Nemelex Xobeh
Okawaru
Qazlal
Ru
Sif Muna
Trog
Uskayaw
Vehumet
Xom
Yredelemnul
The Shining One

Shops:
D:5 **


Innate Abilities, Weirdness & Mutations

You are immune to poison.
Your flesh is cold resistant. (rC+)
You are immune to negative energy. (rN+++)
You are immune to unholy pain and torment.
You are vulnerable to heat. (rF-)
You do not drink.


Message History

The sky beast barely misses you.
You completely miss the sky beast.
The sky beast is severely wounded.
The sky beast hits you but does no damage.
You barely miss the sky beast.
The sky beast is severely wounded.
The sky beast hits you. The sky beast shocks you.
You slash the sky beast! You burn the sky beast.
You kill the sky beast!
No target in view!
A centaur comes into view. It is carrying a wand of acid (10).
A centaur is nearby!
The centaur wields a +0 shortbow.
The centaur shoots an arrow.
The arrow hits you but does no damage.
The centaur zaps a wand.
The bolt of acid hits you!!
The centaur zaps a wand.
The bolt of acid hits you!! The acid corrodes you!
You are too injured to fight recklessly!
You are too injured to fight recklessly!
You are too injured to fight recklessly!
Okay, then.
You can't drink.
As you read the scroll of summoning, it crumbles to dust.
Wisps of shadow whirl around you...
The centaur zaps a wand.
The bolt of acid hits you!
* * * LOW HITPOINT WARNING * * *
The acid corrodes you!
The centaur shoots an arrow.
The arrow hits you.
* * * LOW HITPOINT WARNING * * *
As you read the scroll of fog, it crumbles to dust.
The scroll dissolves into smoke.
The centaur shoots an arrow.
The arrow closely misses you.
The centaur shoots an arrow.
The arrow barely misses you.
You start resting.
Something hits your bullfrog. Something misses your bullfrog.
Cleave: e) +3 war axe (flame)
Press: ? - help, Dir - move target, f - you
Okay, then.
Your bullfrog hits the centaur.
The centaur zaps a wand.
The bolt of acid hits your bullfrog! The bolt of acid hits you!
You die...

..##....### .... #
.÷....)...####.....#
......#.......#.##.#
......##........#...
......##...........#
)..<...............# .
....)..#.###.##.##c## ..
).....##.#....§§§F§.##...
.....###......§§@J§......
#....####=##..§§§§§...##
......#...##..§§§§§....#
#.........##......†#..##
.........####......# .#
#.......## #......## ..
...###### ##....## .. .#
#.....# # ##....#


You could see a centaur (ally target), a friendly bullfrog (summoned) and a
friendly jelly (summoned).

Vanquished Creatures
  A shadow (D:8)
  A wyvern (D:5)
  A steam dragon (D:7)
  3 water moccasins
  3 sky beasts
  2 orc warriors
  2 black bears
  An ogre (D:5)
  A hornet zombie (D:8)
  A centaur (D:6)
  A phantom (D:5)
  A kobold brigand (D:6)
  2 bullfrogs
  3 scorpions
  A wyvern zombie (D:6)
  A water moccasin zombie (D:6)
  A water moccasin skeleton (D:5)
  6 killer bees (D:8)
  A jelly (D:5)
  4 hounds
  A centaur skeleton (D:6)
  An orc priest (D:6)
  A gnoll shaman (D:7)
  A bullfrog skeleton (D:6)
  2 orc wizards (D:8)
  2 iguanas
  A killer bee zombie (D:6)
  A hound zombie (D:5)
  A hound skeleton (D:5)
  4 gnolls
  6 adders
  A shadow imp (D:7)
  A white imp (D:6)
  2 ufetubi
  A dart slug (D:5)
  12 orcs
  7 ball pythons
  4 endoplasms
  A giant cockroach (D:2)
  7 goblins
  11 hobgoblins
  12 jackals
  6 quokkas
  6 bats
  4 frilled lizards
  8 kobolds
  7 rats
148 creatures vanquished.

Notes
Turn   | Place    | Note
-------+----------+-------------------------------------------
     0 | D:1      | sizableburger the Mummy Fighter began the quest for the
                  | Orb.
     0 | D:1      | Reached XP level 1. HP: 18/18 MP: 1/1
   116 | D:1      | Reached XP level 2. HP: 11/24 MP: 2/2
   670 | D:1      | Found a faded altar of an unknown god.
   970 | D:2      | Reached XP level 3. HP: 26/29 MP: 3/3
  1453 | D:2      | Reached skill level 4 in Fighting
  1523 | D:2      | Reached XP level 4. HP: 35/37 MP: 4/4
  2417 | D:3      | Found a shadowy altar of Dithmenos.
  2794 | D:4      | Found a staircase to the Ecumenical Temple.
  2825 | Temple   | Entered the Ecumenical Temple
  3077 | D:4      | Noticed a scorpion
  3095 | D:4      | Killed a scorpion
  3096 | D:4      | Reached XP level 5. HP: 27/43 MP: 5/5
  3648 | D:4      | Found a sparkling altar of Nemelex Xobeh.
  4045 | D:4      | Reached skill level 5 in Fighting
  4324 | D:5      | Entered Level 5 of the Dungeon
  4324 | D:5      | Noticed a water moccasin
  4324 | D:5      | Found a blossoming altar of Fedhas.
  4336 | D:4      | Killed a water moccasin
  4337 | D:4      | Reached XP level 6. HP: 22/51 MP: 6/6
  4690 | D:5      | Found Adduuph's Fire Supplies.
  4700 | D:5      | Reached skill level 6 in Fighting
  4700 | D:5      | Reached XP level 7. HP: 45/58 MP: 7/7
  4772 | D:5      | Bought a +1 pair of gloves of fire resistance for 181 gold
                  | pieces
  4927 | D:5      | Noticed a wyvern
  4953 | D:6      | Found a radiant altar of Vehumet.
  4999 | D:6      | Reached skill level 5 in Axes
  5132 | D:6      | Found a bloodstained altar of Trog.
  5172 | D:5      | Found a hazy altar of Hepliaklqana.
  5446 | D:5      | Found Hecos's General Store.
  5463 | D:5      | Killed a wyvern
  5464 | D:5      | Reached skill level 7 in Fighting
  5553 | D:5      | Reached XP level 8. HP: 63/67 MP: 8/8
  5594 | D:5      | Found a stormy altar of Qazlal.
  6192 | D:6      | Reached skill level 8 in Fighting
  6342 | D:6      | Found a basalt altar of Yredelemnul.
  7932 | D:6      | Reached XP level 9. HP: 38/75 MP: 9/9
  8122 | D:7      | Reached skill level 9 in Fighting
  8732 | D:5      | Bought a +0 pair of boots for 49 gold pieces
  9895 | D:8      | Killed from afar by a centaur

Illustrated notes

Levels and vault maps discovered:
D:1:      sevenhm_arrival_forest_fort_large_4, layout_basic,
          hellmonk_ecumenical_altar_prayer_group
D:2:      minmay_inner_zag, layout_basic, minmay_quadrilaterals
D:3:      layout_loops_cross, grunt_dithmenos_smoke
D:4:      wander_river, layout_basic, mainiacjoe_overflow_cross_hatched,
          minmay_temple_entry_tees, kennysheep_generic_room_5
D:5:      layout_basic, fedhas_altar_2, nicolae_hepliaklqana_hazy_memory,
          mainiacjoe_overflow_alcove_1, serial_shops,
          nicolae_inconvenience_store, nicolae_shop_fire_sale
          [nicolae_sub_dead_trees], chequers_serial_rivers_small_b,
          saegor_snake_ambush
D:6:      layout_cave_pools, lemuel_zombie_altar_yredelemnul,
          mainiacjoe_overflow_24_doors, amcnicky_altar_gilded
D:7:      layout_layer_cave
D:8:      layout_cave_pools, old_standard_altar, uniq_maggie
Temple:   compressed_dpeg_triangle_lava_temple

Skill      XL: |  1  2  3  4  5  6  7  8  9 |
---------------+----------------------------+-----
Axes           | 2 3 4 5 7 8 |  8.2
Fighting       | 4 5 6 7 8 9 |  9.0
Armour         | 4 |  4.4
Shields        | |  2.4

Action                   |  1- 3 |  4- 6 |  7- 9 || total
-------------------------+-------+-------+-------++-------
Melee: War axe           |   131 |   162 |   239 ||   532
  Use: Scroll            |       |       |    12 ||    12
Armor: Scale mail        |    98 |    38 |       ||   136
       Chain mail        |       |    75 |   126 ||   201
       Plate armour      |       |       |    72 ||    72
Dodge: Dodged            |    79 |    67 |   123 ||   269
Block: Buckler           |    26 |    32 |    71 ||   129
